Croesus, chaotic male elven Ranger ^ --------- ---------- ------ -------|------ |.......| ##-.)......| ##-..[.-# #.............| |.......| # |....#...| # |....|# #|............| |...>...| $ ####.........| # |...{|# #-.....)%.....| #)-([.....| # |........| # ------# ###|............[# # --.------ ### ---------- # # # #-|--------.---#### # # $ # # ### # ## ## # ### * # # # # ## # # # #### # $ ##### # #%# # #---------# # # # # ------# #|.......|# --------.-# # ### |..!.|# #........|# |.........# # # ---- |.!..|# |.<.....|# |.{.)....| ## #########z.u.| |.!!.-# |........# |........-####-.----# |@@| |!...| --------- |........| #-....|# $ ---- ------ $ $ ---------- |....-# ------ $ Croesus the Reconnoiterer Experience level: 11 Strength: 18 Dexterity: 16 Constitution: 18 Intelligence: 15 Wisdom: 16 Charisma: 9 Health: 0(102) Energy: 108(108) Def: 32 Gold: 0 Moves: 48457 Dungeon seed: CyBU5MuKKwvxMXum Game ID: Croesus_1562218191 Your Inventory: Amulets Z - an uncursed amulet of reflection (being worn) Weapons a - 7 uncursed +0 elven arrows c - 25 uncursed +2 elven arrows d - an uncursed +1 elven short sword (weapon in hand) e - a blessed +1 elven bow (alternate weapon; not wielded) I - 17 uncursed +0 arrows of frost P - 10 blessed poisoned +1 orcish arrows of frost S - 7 uncursed poisoned +0 arrows (in quiver) Armor n - an uncursed +0 shield of reflection (being worn) q - an uncursed +0 elven leather helm (being worn) z - a blessed greased +2 gray dragon scale mail (being worn) M - an uncursed +0 pair of leather gloves (being worn) N - an uncursed +3 Hawaiian shirt (being worn) R - an uncursed +1 pair of water walking boots (being worn) U - an uncursed +2 elven cloak (being worn) Comestibles F - an uncursed female lizard corpse Potions V - 2 uncursed diluted potions of extra healing Rings j - an uncursed ring of shock immunity E - an uncursed +3 ring of gain constitution (on left hand) W - an uncursed ring of warning (on right hand) Wands g - an uncursed wand of striking (0:3) v - an uncursed wand of sleep (0:2) x - a blessed wand of slow monster (0:4) A - an uncursed wand of cold (0:2) H - an uncursed wand of fire (0:4) J - an uncursed wand of lightning (0:2) K - an uncursed wand of slow monster (0:3) Q - an uncursed wand of magic missile (0:5) X - an uncursed wand of death (0:1) Tools b - a blessed bag of holding k - an uncursed skeleton key l - an uncursed magic lamp (lit) m - an uncursed mirror p - an uncursed bag of tricks (0:7) s - an uncursed stethoscope t - an uncursed expensive camera (0:77) u - a blessed +0 unicorn horn w - a blessed magic whistle L - an uncursed pair of lenses T - an uncursed towel Gems y - a blessed luckstone Contents of the bag of holding: 7 uncursed +4 arrows 12 uncursed +2 arrows 22 blessed +1 arrows 3 uncursed +0 arrows a blessed +1 dart a blessed +0 dart a blessed +0 elven arrow 4 uncursed +0 elven arrows of frost an uncursed +1 elven dagger a blessed +1 orcish arrow 70 uncursed poisoned +0 arrows a blessed poisoned +0 dart 4 blessed poisoned +1 orcish arrows 34 uncursed poisoned +0 orcish arrows a blessed +0 sling an uncursed +0 spear of hunger 9 uncursed +0 ya an uncursed rotted +0 cloak of displacement a blessed +0 mummy wrapping a blessed +2 pair of high boots an uncursed -2 pair of levitation boots 2 uncursed C-rations 7 uncursed K-rations 4 uncursed bananas 2 uncursed cram rations 2 uncursed eggs 4 uncursed female lizard corpses 5 uncursed food rations 4 uncursed lembas wafers an uncursed mango an uncursed sprig of wolfsbane an uncursed tripe ration a cursed scroll of destroy armor 3 uncursed scrolls of earth a blessed scroll of enchant armor 2 uncursed scrolls of enchant armor 3 uncursed scrolls of enchant weapon a cursed scroll of gold detection an uncursed scroll of light a blessed scroll of magic mapping 3 uncursed scrolls of magic mapping a blessed scroll of remove curse 2 uncursed scrolls of remove curse an uncursed scroll of stinking cloud a blessed scroll of summoning an uncursed scroll of summoning an uncursed scroll of taming 2 blessed scrolls of teleportation 9 uncursed scrolls of teleportation 2 cursed scrolls of teleportation an uncursed diluted potion of extra healing 2 uncursed potions of confusion an uncursed potion of enlightenment a blessed potion of healing an uncursed potion of healing 8 potions of holy water an uncursed potion of object detection a blessed potion of paralysis 2 uncursed potions of paralysis an uncursed potion of speed an uncursed ring of free action a cursed ring of free action a cursed -1 ring of gain constitution a blessed +1 ring of gain strength a blessed +1 ring of increase accuracy an uncursed +1 ring of increase damage an uncursed ring of levitation an uncursed ring of poison immunity an uncursed ring of polymorph control a blessed +2 ring of protection a cursed ring of protection from shape changers an uncursed ring of teleport control an uncursed wand of death (0:6) an uncursed wand of digging (0:8) an uncursed wand of digging (0:7) an uncursed wand of digging (0:7) an uncursed wand of digging (0:4) an uncursed wand of digging (0:4) an uncursed wand of digging (0:4) an uncursed wand of digging (0:1) an uncursed wand of locking (0:5) an uncursed wand of magic missile (0:3) an uncursed wand of make invisible (0:5) an uncursed wand of make invisible (0:1) an uncursed wand of secret door detection (0:14) a cursed wand of slow monster (0:5) an uncursed wand of striking (0:8) an uncursed wand of striking (0:7) an uncursed wand of undead turning (0:1) an uncursed +0 pick-axe an uncursed skeleton key 3 uncursed agate stones 2 uncursed amethyst stones an uncursed black opal 3 uncursed citrine stones 2 uncursed diamonds an uncursed emerald an uncursed fluorite stone an uncursed garnet stone 4 uncursed jade stones a blessed luckstone 2 uncursed opals 3 uncursed rubies an uncursed topaz stone a blessed touchstone 5735 gold pieces Spells and supernatural/magical abilities: Name Level Category Cost Memory a - force bolt 1 attack 83pw 52% c - cause fear 3 enchantment 3000pw 91% h - healing 1 healing 500pw 49% j - jumping 1 escape 83pw 91% k - knock 1 matter 83pw 52% m - magic missile 2 attack 333pw 49% o - cone of cold 4 attack 4000pw 44% p - protection 1 clerical 83pw 85% r - remove curse 3 clerical 3000pw 91% v - clairvoyance 3 divination 3000pw 53% A - create familiar 3 clerical 3000pw 53% G - detect treasure 4 divination 4000pw 30% H - speed monster 3 escape 3000pw 68% L - levitation 4 escape 4000pw 62% R - restore ability 4 healing 4000pw 41% U - detect unseen 3 divination 3000pw 53% W - pray for help -- divine ? -- Your skills at the end: Fighting Skills wands [Skilled] Weapon Skills dagger [Skilled] short sword [Basic] bow [Expert] Spellcasting Skills Final Attributes: You were piously aligned. You were fire resistant. You were cold resistant. You were immune to sleep. You were shock resistant. You were poison resistant. You were magic resistant. You saw invisible. You were telepathic. You were warned. You had automatic searching. You had infravision. You were invisible. You were stealthy. You could teleport. You could walk on water. You were protected. You were fast. You had reflection. You were lucky. You had extra luck. Good luck did not time out for you. You last prayed 7593 turns ago. Mars was slightly pleased with you. You are dead. Vanquished creatures: 2 master liches 2 red dragons 2 minotaurs a baluchitherium a titanothere a vampire lord 2 shopkeepers 2 nurses 2 lurkers above a frost giant a vampire 2 ghosts a lieutenant a barbarian a caveman a tourist a queen bee 3 giant mimics a zruty 6 fire giants an ogre king an ice troll an Elvenking a large mimic a wumpus a long worm 12 couatls 6 stalkers 2 fire elementals a water elemental 4 hill giants a giant mummy 2 giant zombies 8 sergeants 4 winter wolves 3 small mimics a warhorse 5 xans an ettin mummy an ogre lord 3 quantum mechanics 2 trolls 2 wood golems 3 gelatinous cubes a pyrolisk 2 large dogs 2 freezing spheres 3 flaming spheres 2 shocking spheres 3 large cats 4 tigers 6 gargoyles a dwarf king 4 tengu 2 ochre jellies a leocrotta 2 energy vortices a mountain centaur a stone giant an elf mummy 2 human mummies a red naga 2 pit vipers a python 3 cobras 2 carnivorous apes an ettin zombie a Grey-elf 34 soldiers 4 chameleons 5 crocodiles 4 giant beetles 3 cockatrices 17 wolves a winter wolf cub a lynx a panther 7 gremlins a spotted jelly 69 leprechauns 2 orc-captains 8 iron piercers 3 mumakil 5 giant spiders 7 scorpions 5 horses an ice vortex a black light 2 vampire bats 31 forest centaurs 6 gnome kings 2 orc mummies 2 dwarf mummies 2 brown puddings 4 rust monsters 5 owlbears 4 yetis 3 gold golems 2 werewolves a Green-elf 5 lizards 8 hunters 4 chickatrices 3 dogs 5 dingos 3 housecats 2 jaguars 4 dwarf lords a blue jelly 6 white unicorns 6 gray unicorns 6 dust vortices 6 ravens 11 plains centaurs 6 gnome mummies 5 snakes 10 apes a human zombie a rope golem 3 Woodland-elves 22 soldier ants 3 fire ants 3 bugbears 2 imps 3 quasits 2 wood nymphs 5 water nymphs 2 mountain nymphs 13 Mordor orcs 20 Uruk-hai 14 orc shamans 8 rock piercers 7 rock moles 7 ponies 4 fog clouds 11 yellow lights 5 shriekers 4 violet fungi 20 gnome lords 7 gnomish wizards 6 kobold mummies a red naga hatchling 2 black naga hatchlings 2 golden naga hatchlings 2 gray oozes a barrow wight 6 elf zombies 4 ghouls 13 straw golems 7 paper golems 2 baby crocodiles 13 giant ants 4 little dogs 7 floating eyes 4 kittens 27 dwarves 2 kobold shamans 41 hill orcs 19 rothes 4 rabid rats 7 centipedes 7 giant bats 6 monkeys 5 orc zombies a dwarf zombie 3 wererats 9 werejackals 10 iguanas 49 killer bees 6 acid blobs 11 coyotes a gas spore 13 hobbits 3 large kobolds 15 hobgoblins 9 giant rats 16 cave spiders 4 brown molds 6 yellow molds 5 green molds 2 red molds 67 gnomes 9 garter snakes 8 gnome zombies 15 geckos 45 jackals 10 foxes 2 kobolds 14 goblins 30 sewer rats 17 grid bugs 12 bats 9 lichens 4 kobold zombies 28 newts 1276 creatures vanquished. Genocided species: liches demiliches master liches arch-liches kobold zombies gnome zombies orc zombies dwarf zombies elf zombies human zombies ettin zombies giant zombies ghouls 13 species genocided. Voluntary challenges: You had followed a strict vegan diet until turn 2054. You had followed a strict vegetarian diet until turn 2054. You had been an atheist until turn 8562. You used a wielded weapon 2154 times, starting on turn 101. You read items or engraved 131 times, starting on turn 3093. You genocided 13 types of monsters, starting on turn 42480. You never polymorphed an object. You never changed form. You used 1 wish, starting on turn 26006. You did not wish for any artifacts. You never split a pudding. You wrote Elbereth's name 4 times, starting on turn 17542. You never violated your personal moral code. Dungeon overview: The Dungeons of Doom: levels 1 to 20 Level 1 a long staircase Level 2 a jewelry store, a vault stairs to The Gnomish Mines Level 3 Level 4 a fountain, a vault Level 5 many fountains Level 6 a fountain stairs to Sokoban Level 7 a sink, a vault Level 8 Level 9 Level 10 a sink, a vault Level 11 Level 12 a fountain, a vault portal to The Quest Level 13 some fountains Level 14 <- You were here a potion shop, some fountains, a sink, a vault portal to Fort Ludios Level 15 an altar to Mars Level 16 Level 17 a fountain Level 18 Level 19 a fountain Level 20 The Gnomish Mines: levels 3 to 11 Level 3 stairs to The Dungeons of Doom Level 4 Level 5 many shops, a temple to Mercury, some fountains Level 6 Level 7 Level 8 Level 9 Level 10 Level 11 many altars to Moloch, some fountains The Quest: Level 1 many trees portal to The Dungeons of Doom Sokoban: levels 2 to 5 Level 2 Solved Level 3 Solved Level 4 Solved Level 5 Solved stairs to The Dungeons of Doom Fort Ludios: Level 1 portal to The Dungeons of Doom History has recorded: On T:1 you entered the Dungeons of Doom to retrieve the Amulet of Yendor! On T:339 you reached level 2 of The Dungeons of Doom. On T:873 you advanced to experience level 2. On T:1066 you reached level 3 of The Dungeons of Doom. On T:1504 you reached level 4 of The Dungeons of Doom. On T:1661 you reached level 5 of The Dungeons of Doom. On T:1719 you advanced to experience level 3. On T:2126 you advanced to experience level 4. On T:2459 you reached level 6 of The Dungeons of Doom. On T:2711 you reached level 7 of The Dungeons of Doom. On T:2876 you advanced to experience level 5. On T:3067 you reached level 4 of Sokoban. On T:3676 you reached level 3 of Sokoban. On T:4538 you reached level 2 of Sokoban. On T:5108 you advanced to experience level 6. On T:5129 you reached level 1 of Sokoban. On T:7727 you advanced to experience level 7. On T:8324 you reached level 1 of The Gnomish Mines. On T:8407 you reached level 2 of The Gnomish Mines. On T:8496 you reached level 3 of The Gnomish Mines. On T:9759 you reached level 4 of The Gnomish Mines. On T:11119 you advanced to experience level 8. On T:13098 you reached level 5 of The Gnomish Mines. On T:14243 you reached level 6 of The Gnomish Mines. On T:16207 you advanced to experience level 7. On T:17164 you reached level 7 of The Gnomish Mines. On T:17170 you reached level 8 of The Gnomish Mines. On T:17575 you advanced to experience level 8. On T:18978 you reached level 9 of The Gnomish Mines. On T:23875 you reached level 8 of The Dungeons of Doom. On T:24663 you advanced to experience level 9. On T:24799 you reached level 9 of The Dungeons of Doom. On T:25455 you reached level 10 of The Dungeons of Doom. On T:26006 you wished for "blessed greased +2 gray dragon scale mail". On T:28506 you reached level 11 of The Dungeons of Doom. On T:29215 you reached level 1 of The Quest. On T:29380 you reached level 13 of The Dungeons of Doom. On T:30472 you reached level 14 of The Dungeons of Doom. On T:31120 you reached level 15 of The Dungeons of Doom. On T:31525 you reached level 16 of The Dungeons of Doom. On T:34334 you advanced to experience level 10. On T:36671 you reached level 17 of The Dungeons of Doom. On T:37641 you reached level 18 of The Dungeons of Doom. On T:37773 you reached level 19 of The Dungeons of Doom. On T:38827 you reached level 20 of The Dungeons of Doom. On T:42475 you advanced to experience level 11. On T:42480 you genocided class 'L'. On T:42481 you genocided class 'Z'. On T:44440 you embarked upon an epic quest. On T:46830 you reached Fort Ludios. Score breakdown: Gold: 5735 (12785 points) Experience: 11 levels (17616 points) Exploration: 20 levels ( 41.67%) (19074 points) Discoveries: 125 items ( 42.37%) (19528 points) Valuables value: (no points given unless you survive) Artifact value: 0 ( 0 points) Variety of kills: 195 monsters ( 51.32%) (21490 points) Turncount: 48457 turns (-4709 points) Survival: died (score multiplied by 80%) Total score: 68627 Latest messages: You produce a strange whistling sound. The warhorse moves only reluctantly. The golden haze around the red dragon becomes less dense. You sit down. You activated a magic portal! You feel dizzy for a moment, but the sensation passes. You produce a strange whistling sound. The lieutenant bumps right into you! You hit the lieutenant. You hit the lieutenant! The lieutenant swings her long sword at you. The lieutenant hits! The lieutenant swings her long sword at you. The lieutenant hits! You have a little trouble removing V - 2 uncursed diluted potions of extra healing. The lieutenant swings her long sword at you. The lieutenant misses. The lieutenant swings her long sword at you. The lieutenant hits! You die... Final status: Goodbye Croesus the Ranger, killed by a lieutenant... You died in The Dungeons of Doom on dungeon level 14 with 68627 points, and 5735 pieces of gold, after 48457 moves. You were level 11 with a maximum of 102 hit points when you died.